 Dungeon Crawl Stone Soup version 0.31-a0-233-g139696dc86 (webtiles) character file.

Game seed: 3874359140522985138

38 timneilson the Slasher (level 3, -2/27 HPs)
             Began as a Demonspawn Gladiator on July 10, 2023.
             Slain by a hobgoblin
             ... wielding the +10 dagger "Roacompe" {flame, rPois rF+ rCorr Str-2}
              (9 damage)
             ... on level 2 of the Dungeon.
             The game lasted 00:01:53 (1079 turns).

timneilson the Slasher (Demonspawn Gladiator)       Turns: 1079, Time: 00:01:53

Health: -2/27      AC:  4    Str: 14    XL:     3   Next: 25%
Magic:  3/3        EV: 12    Int:  9    God:
Gold:   95         SH:  0    Dex: 16    Spells: 2/2 levels left

rFire   . . .        a - +0 long sword
rCold   . . .        (no shield)
rNeg    . . .        b - +0 leather armour
rPois   .            c - +0 helmet
rElec   .            (no cloak)
rCorr   .            (no gloves)
SInv    .            (no boots)
Will    .....        f - amulet of regeneration
Stlth   +            (no ring)
HPRegen 1.04/turn    (no ring)
MPRegen 0.08/turn

%: no passive effects
@: no status effects
A: powered by death 1
a: no special abilities


You were on level 2 of the Dungeon.
You visited 1 branch of the dungeon, and saw 2 of its levels.

You collected 95 gold pieces.

Inventory:

Hand Weapons
 a - a +0 long sword (weapon)
Missiles
 d - 3 throwing nets (quivered)
 e - a javelin
Armour
 b - a +0 leather armour (worn)
 c - a +0 helmet (worn)
Jewellery
 f - an amulet of regeneration (around neck)
Potions
 g - a potion of ambrosia {unknown}
 h - a potion of resistance {unknown}
 i - a potion of curing {unknown}
 j - a potion of degeneration {unknown}


   Skills:
 + Level 2.3 Fighting
 * Level 3.1 Long Blades
 - Level 1.7 Throwing
 * Level 1.2 Armour
 * Level 3.1 Dodging


You had 2 spell levels left.
You didn't know any spells.
Your spell library contained the following spells:

 Spells                   Type           Power      Damage    Failure   Level
 Summon Small Mammal      Summ           0%         N/A       45%         1
 Call Canine Familiar     Summ           0%         N/A       83%         3
 Summon Guardian Golem    Hex/Summ       0%         N/A       83%         3
 Orb of Destruction       Conj           0%         9d5       100%        7
 Spellforged Servitor     Conj/Summ      0%         N/A       100%        7


Dungeon Overview and Level Annotations

Branches:
Dungeon (2/15)

Altars:


Innate Abilities, Weirdness & Mutations

You regenerate a little health from kills.


Message History

You are no longer poisoned.
The bat hits you. The bat hits you but does no damage.
The bat barely misses you. The bat hits you.
You closely miss the bat. The bat hits you but does no damage.
You slash the bat!
You kill the bat!
No target in view!
No target in view!
No target in view!
No target in view!
No target in view!
No target in view!
No target in view!
No target in view!
No target in view!
No target in view!
No target in view!
No target in view!
No target in view!
No target in view!
You now have 95 gold pieces (gained 17).
A hobgoblin comes into view.
It is wielding the +10 dagger "Roacompe" {flame, rPois rF+ rCorr Str-2}.
The hobgoblin shouts!
The hobgoblin hits you with the +10 dagger "Roacompe" {flame, rPois rF+ rCorr Str-2}.
The hobgoblin burns you.
There is an open door here.
You barely miss the hobgoblin.
The hobgoblin hits you with the +10 dagger "Roacompe" {flame, rPois rF+ rCorr Str-2}!
The hobgoblin burns you.
You hit the hobgoblin but do no damage. The hobgoblin barely misses you.
The hobgoblin hits you with the +10 dagger "Roacompe" {flame, rPois rF+ rCorr Str-2}!
* * * LOW HITPOINT WARNING * * *
The hobgoblin burns you.
* * * LOW HITPOINT WARNING * * *
You barely miss the hobgoblin. The hobgoblin misses you.
You barely miss the hobgoblin.
The hobgoblin hits you with the +10 dagger "Roacompe" {flame, rPois rF+ rCorr Str-2}!
You die...

#......#........#
#......#........#
#......#......>.#
#......#........#
#....†.#........#
#......#........#
#######......#....†...#
#.....#......#........#
#.....@......'........'
#.....g#......#........#
'......#......##########
#....###....### #####
###.. #....# #.... #.
#....# #.### # #....#
#.# # .....# #.###
......# #...+


You could see a hobgoblin.

Vanquished Creatures
  An adder (D:2)
  A worm (D:2)
  A ball python (D:1)
  3 bats
  2 endoplasms (D:1)
  A giant cockroach (D:2)
  2 hobgoblins (D:1)
  4 jackals (D:1)
  6 kobolds (D:1)
  3 goblins (D:1)
  A rat (D:1)
25 creatures vanquished.

Notes
Turn   | Place    | Note
-------+----------+-------------------------------------------
     0 | D:1      | timneilson the Demonspawn Gladiator began the quest for the
                  | Orb.
     0 | D:1      | Reached XP level 1. HP: 16/16 MP: 1/1
   202 | D:1      | Gained mutation: You regenerate a little health from kills.
                  | [demonic ancestry]
   202 | D:1      | Reached XP level 2. HP: 22/22 MP: 2/2
   638 | D:1      | Reached skill level 1 in Armour
   883 | D:2      | Found a faded altar of an unknown god.
  1026 | D:2      | Reached XP level 3. HP: 27/27 MP: 3/3
  1072 | D:2      | Identified the +10 dagger "Roacompe" {flame, rPois rF+
                  | rCorr Str-2}
  1079 | D:2      | Slain by a hobgoblin

Illustrated notes

Levels and vault maps discovered:
D:1:      mrwooster_arrival_statue_2, layout_basic, chequers_avenue,
          minmay_misc_feat_columns
D:2:      layout_basic, shapermc_ecumenical_altar_flowoftime,
          minmay_stone_trees_small, uniq_jessica

Skill      XL: |  1  2 |
---------------+-------+-----
Long Blades    | 3 |  3.1
Dodging        | 3 |  3.1
Armour         | 1 |  1.2
Fighting       | |  2.3
Throwing       | |  1.7

Action                     || total
---------------------------++-------
  Melee: Long sword        ||    99
    Use: Scroll            ||     2
 Armour: Leather armour    ||    40
  Dodge: Dodged            ||    96

Table legend: (Time is in decaauts)
 A = Elapsed time spent in this place.
 B = Non-inter-level travel time spent in this place.
 C = Inter-level travel time spent in this place.
 D = Time resting spent in this place.
 E = Time spent auto-exploring this place.
 F = Levels seen in this place.
 G = Mean time per level.
                   A        B        C        D        E       F      G
               +--------+--------+--------+--------+--------+-----+--------+
         Total |   1103 |   1091 |     12 |    100 |    690 |   2 |  551.5 |
       Dungeon |   1103 |   1091 |     12 |    100 |    690 |   2 |  551.5 |
               +--------+--------+--------+--------+--------+-----+--------+

Top non-repeatable levels by time:
     D:1: 771 daAuts
     D:2: 332 daAuts
